 Dungeon Crawl Stone Soup version 0.15.2 (webtiles) character file.

61 JackS81 the Poker (level 4, 0/33 HPs)
             Began as a Merfolk Death Knight on Aug 19, 2017.
             Was a Believer of Yredelemnul.
             Slain by an adder (4 damage)
             ... on Level 2 of the Dungeon.
             The game lasted 00:08:00 (1048 turns).

JackS81 the Poker (Merfolk Death Knight)            Turns: 1048, Time: 00:08:00

HP   0/33        AC  3     Str 14      XL: 4   Next:  7%
MP   6/6         EV 11     Int 10      God: Yredelemnul [**....]
Gold 24          SH  0     Dex 13      Spells:  0 memorised,  3 levels left

rFire  . . .     SeeInvis .     a - +2 spear
rCold  . . .     Clarity  .     b - +0 leather armour
rNeg   . . .     rCorr    .     (no shield)
rPois  .         rRot     .     (no helmet)
rElec  .         Spirit   .     (no cloak)
SustAb .         Warding  .     (no gloves)
rMut   .         Stasis   .     (no boots)
Gourm  .                        (no amulet)
MR     .....                    (no ring)
                                (no ring)

@: not resistant to hostile enchantments, very unstealthy
A: change form in water, swift swim
a: Animate Remains, Recall Undead Slaves, Injury Mirror, Renounce Religion


You were on level 2 of the Dungeon.
You worshipped Yredelemnul.
Yredelemnul was pleased with you.
You were hungry.

You visited 1 branch of the dungeon, and saw 2 of its levels.

You collected 24 gold pieces.

Inventory:

Hand weapons
 a - a +2 spear (weapon)
 p - a +2 hunting sling of freezing
Missiles
 k - 14 arrows
 q - 13 stones (quivered)
Armour
 b - a +0 leather armour (worn)
Comestibles
 c - 2 bread rations
 h - a meat ration
 j - a chunk of bat flesh
 l - 2 chunks of quokka flesh
 m - a chunk of rat flesh
Scrolls
 g - 3 scrolls of magic mapping
 n - a scroll of identify
Potions
 d - a potion of curing {unknown}
 e - a potion of agility {unknown}
 f - 2 potions of flight
 i - a potion of cancellation


   Skills:
 - Level 2.1 Fighting
 * Level 6.2 Polearms
 - Level 0.6 Armour
 - Level 1.3 Dodging
 - Level 3.0 Invocations


You had 3 spell levels left.
You didn't know any spells.

Dungeon Overview and Level Annotations

Branches:
Dungeon (2/15)

Altars:

Annotations:
D:2 Sigmund, Terence


Message History

Some of the chunks of flesh in your inventory have rotted away.
You puncture the goblin!
You kill the goblin!
Yredelemnul accepts your kill.
You start resting.
Found a fizzy purple potion.
The adder closely misses you.
You see here a fizzy purple potion.
You hit the adder.
The adder is moderately wounded.
The adder barely misses you.
You closely miss the adder.
The adder is moderately wounded.
The adder bites you.
* * * LOW HITPOINT WARNING * * *
You barely miss the adder.
The adder is moderately wounded.
The adder bites you.
You die...
Your body rises from the dead as a mindless zombie.

####.#####.##,,,,,,,,,**
#.# #.##.#####**,* #.#
#<........,,,** #.#
####.#####**,,, #.# *,#
**** #.# *,* #.# *,*
#.##### *,* #..S@.#***,*
#####......# *#######


You could see an adder.

Vanquished Creatures
  Ijyb (D:2)
  An adder (D:2)
  2 giant geckos
  8 bats
  3 giant cockroaches (D:1)
  2 kobolds (D:1)
  A quokka (D:2)
  A ball python (D:1)
  A giant newt (D:1)
  4 goblins
  4 jackals (D:2)
  2 rats
30 creatures vanquished.

Vanquished Creatures (collateral kills)
  A giant newt (D:1)
  A goblin (D:1)
  A rat (D:1)
3 creatures vanquished.

Grand Total: 33 creatures vanquished

Notes
Turn   | Place    | Note
--------------------------------------------------------------
     0 | D:1      | JackS81, the Merfolk Death Knight, began the quest for the Orb.
     0 | D:1      | Reached XP level 1. HP: 16/16 MP: 2/2
   153 | D:1      | Reached skill level 4 in Polearms
   153 | D:1      | Reached XP level 2. HP: 16/22 MP: 3/3
   775 | D:2      | Noticed Sigmund
   778 | D:2      | Noticed Terence
   860 | D:1      | Reached XP level 3. HP: 19/27 MP: 5/5
   871 | D:2      | Reached skill level 5 in Polearms
   891 | D:2      | Acquired Yredelemnul's second power
   948 | D:2      | Noticed Ijyb
   970 | D:2      | Killed Ijyb
   997 | D:2      | Reached skill level 6 in Polearms
   997 | D:2      | Reached XP level 4. HP: 9/33 MP: 6/6
  1003 | D:2      | HP: 1/33 [jackal (2)]
  1048 | D:2      | Slain by an adder

Action                   |  1- 3 |  4- 6 || total
-------------------------+-------+-------++-------
Melee: Spear             |   124 |    11 ||   135
Invok: Animate Remains   |     2 |       ||     2
       Injury Mirror     |     1 |       ||     1
  Use: Scroll            |     3 |       ||     3
       Potion            |       |     1 ||     1
